Workbook

Sheet Resumen carta
A1: RESUMEN DE CARTA · FOOD COST MEDIO PONDERADO
A2: Añade una hoja por plato (duplica "Plato 2") y enlázala aquí. El food cost medio pondera por unidades vendidas.
A4: Plato | B4: Coste ración | C4: Precio sin IVA | D4: Food cost % | E4: Unidades vendidas/mes | F4: Coste total | G4: Venta neta total
A5: Tartar de atún | B5: ='Tartar de atún'!F16 | C5: ='Tartar de atún'!B20 | D5: =IF(C5>0,B5/C5*100,0) | E5: 320 | F5: =B5*E5 | G5: =C5*E5
A6: Plato 2 | B6: ='Plato 2'!F11 | C6: ='Plato 2'!B15 | D6: =IF(C6>0,B6/C6*100,0) | E6: 0 | F6: =B6*E6 | G6: =C6*E6
A7: Plato 3 | B7: ='Plato 3'!F11 | C7: ='Plato 3'!B15 | D7: =IF(C7>0,B7/C7*100,0) | E7: 0 | F7: =B7*E7 | G7: =C7*E7
E9: FOOD COST MEDIO DE LA CARTA | F9: =SUM(F5:F7) | G9: =SUM(G5:G7)
E10: (coste total ÷ venta neta total) | F10: =IF(G9>0,F9/G9*100,0)

Sheet Tartar de atún
A1: ESCANDALLO · TARTAR DE ATÚN
A2: Plantilla 3BRO · www.3bro.app · el food cost se calcula SIEMPRE sobre precio sin IVA
A4: Ingrediente | B4: Precio compra (€/kg o €/ud) | C4: Rendimiento % | D4: Precio útil (€/kg o €/ud) | E4: Cantidad por ración (kg o ud) | F4: Coste
A5: Atún rojo | B5: 25 | C5: 78 | D5: =IF(C5>0,B5/(C5/100),0) | E5: 0.14 | F5: =D5*E5
A6: Aguacate | B6: 4.2 | C6: 68 | D6: =IF(C6>0,B6/(C6/100),0) | E6: 0.06 | F6: =D6*E6
A7: Encurtidos y soja | B7: 9 | C7: 100 | D7: =IF(C7>0,B7/(C7/100),0) | E7: 0.035 | F7: =D7*E7
A8: Sésamo y lima | B8: 12 | C8: 100 | D8: =IF(C8>0,B8/(C8/100),0) | E8: 0.012 | F8: =D8*E8
A9: Pan tostado | B9: 2.6 | C9: 100 | D9: =IF(C9>0,B9/(C9/100),0) | E9: 0.04 | F9: =D9*E9
C10: 100 | D10: =IF(C10>0,B10/(C10/100),0) | F10: =D10*E10
C11: 100 | D11: =IF(C11>0,B11/(C11/100),0) | F11: =D11*E11
C12: 100 | D12: =IF(C12>0,B12/(C12/100),0) | F12: =D12*E12
C13: 100 | D13: =IF(C13>0,B13/(C13/100),0) | F13: =D13*E13
C14: 100 | D14: =IF(C14>0,B14/(C14/100),0) | F14: =D14*E14
C15: 100 | D15: =IF(C15>0,B15/(C15/100),0) | F15: =D15*E15
E16: COSTE DE LA RACIÓN | F16: =SUM(F5:F15)
A18: Precio de carta (con IVA) | B18: 18.5
A19: IVA de venta % | B19: 10
A20: Precio sin IVA | B20: =B18/(1+B19/100)
A21: FOOD COST % (s/ precio sin IVA) | B21: =IF(B20>0,F16/B20*100,0)
A22: Margen bruto por ración | B22: =B20-F16
A23: Food cost objetivo % | B23: 30
A24: Precio recomendado sin IVA | B24: =IF(B23>0,F16/(B23/100),0)
A25: Precio recomendado con IVA | B25: =B24*(1+B19/100)

Sheet Plato 2
A1: ESCANDALLO · PLATO 2
A2: Plantilla 3BRO · www.3bro.app · el food cost se calcula SIEMPRE sobre precio sin IVA
A4: Ingrediente | B4: Precio compra (€/kg o €/ud) | C4: Rendimiento % | D4: Precio útil (€/kg o €/ud) | E4: Cantidad por ración (kg o ud) | F4: Coste
C5: 100 | D5: =IF(C5>0,B5/(C5/100),0) | F5: =D5*E5
C6: 100 | D6: =IF(C6>0,B6/(C6/100),0) | F6: =D6*E6
C7: 100 | D7: =IF(C7>0,B7/(C7/100),0) | F7: =D7*E7
C8: 100 | D8: =IF(C8>0,B8/(C8/100),0) | F8: =D8*E8
C9: 100 | D9: =IF(C9>0,B9/(C9/100),0) | F9: =D9*E9
C10: 100 | D10: =IF(C10>0,B10/(C10/100),0) | F10: =D10*E10
E11: COSTE DE LA RACIÓN | F11: =SUM(F5:F10)
A13: Precio de carta (con IVA) | B13: 0
A14: IVA de venta % | B14: 10
A15: Precio sin IVA | B15: =B13/(1+B14/100)
A16: FOOD COST % (s/ precio sin IVA) | B16: =IF(B15>0,F11/B15*100,0)
A17: Margen bruto por ración | B17: =B15-F11
A18: Food cost objetivo % | B18: 30
A19: Precio recomendado sin IVA | B19: =IF(B18>0,F11/(B18/100),0)
A20: Precio recomendado con IVA | B20: =B19*(1+B14/100)

Sheet Plato 3
A1: ESCANDALLO · PLATO 3
A2: Plantilla 3BRO · www.3bro.app · el food cost se calcula SIEMPRE sobre precio sin IVA
A4: Ingrediente | B4: Precio compra (€/kg o €/ud) | C4: Rendimiento % | D4: Precio útil (€/kg o €/ud) | E4: Cantidad por ración (kg o ud) | F4: Coste
C5: 100 | D5: =IF(C5>0,B5/(C5/100),0) | F5: =D5*E5
C6: 100 | D6: =IF(C6>0,B6/(C6/100),0) | F6: =D6*E6
C7: 100 | D7: =IF(C7>0,B7/(C7/100),0) | F7: =D7*E7
C8: 100 | D8: =IF(C8>0,B8/(C8/100),0) | F8: =D8*E8
C9: 100 | D9: =IF(C9>0,B9/(C9/100),0) | F9: =D9*E9
C10: 100 | D10: =IF(C10>0,B10/(C10/100),0) | F10: =D10*E10
E11: COSTE DE LA RACIÓN | F11: =SUM(F5:F10)
A13: Precio de carta (con IVA) | B13: 0
A14: IVA de venta % | B14: 10
A15: Precio sin IVA | B15: =B13/(1+B14/100)
A16: FOOD COST % (s/ precio sin IVA) | B16: =IF(B15>0,F11/B15*100,0)
A17: Margen bruto por ración | B17: =B15-F11
A18: Food cost objetivo % | B18: 30
A19: Precio recomendado sin IVA | B19: =IF(B18>0,F11/(B18/100),0)
A20: Precio recomendado con IVA | B20: =B19*(1+B14/100)
